 Dungeon Crawl Stone Soup version 0.17-a0-461-g772d41b (webtiles) character file.

178 PolkaDot the Vexing (level 5, -3/37 HPs)
             Began as a Vampire Enchanter on Apr 5, 2015.
             Killed by divine providence
             ... invoked by an orc priest
              (14 damage)
             ... on level 4 of the Dungeon.
             The game lasted 00:14:33 (4737 turns).

PolkaDot the Vexing (Vampire Enchanter)             Turns: 4737, Time: 00:14:33

Health: -3/37      AC:  4    Str:  7    XL:     5   Next: 32%
Magic:  6/8        EV: 12    Int: 18    God:
Gold:   242        SH:  3    Dex: 16    Spells: 3 memorised, 2 levels left

rFire  + + .     SeeInvis +     a - +1 dagger
rCold  + + .     Clarity  .     b - +1 robe
rNeg   + + +     SustAb   .     q - +0 buckler
rPois  ∞         Gourm    .     (no helmet)
rElec  .         Spirit   .     (no cloak)
rCorr  .         Warding  .     (no gloves)
rMut   .         Rnd*Tele +     p - +0 pair of boots
MR     .....                    (no amulet)
Stlth  ++++......               m - ring of flight
                                d - ring of protection from fire

@: very slightly contaminated, bloodless, non-regenerating, not resistant to
hostile enchantments, stealthy
A: fangs 3, see invisible, agile 1, fire resistance 1, teleportitis 1,
unbreathing
a: Bat Form, Evoke Flight


You were on level 4 of the Dungeon.
You were bloodless.

You visited 1 branch of the dungeon, and saw 4 of its levels.

You collected 242 gold pieces.

Inventory:

Hand weapons
 a - a +1 dagger (weapon)
 w - a +1 dagger of pain
Armour
 b - a +1 robe (worn)
 p - a +0 pair of boots (worn)
 q - a +0 buckler (worn)
Jewellery
 d - a ring of protection from fire (left hand)
 m - a ring of flight (right hand)
Scrolls
 e - a scroll of immolation {unknown}
 f - 2 scrolls of recharging {unknown}
 h - 4 scrolls of identify {unknown}
 i - 2 scrolls of enchant armour {unknown}
 j - 3 scrolls of remove curse {unknown}
 l - a scroll of magic mapping {unknown}
 n - 2 scrolls of noise {unknown}
 r - 2 scrolls of fog {unknown}
 s - a scroll of random uselessness {unknown}
 t - a scroll of blinking {unknown}
 v - a scroll of fear {unknown}
Potions
 g - a potion of heal wounds {unknown}
 k - a potion of curing {unknown}
 o - a potion of brilliance {unknown}
 u - a potion of magic
 x - a potion of mutation {!q}
Books
 c - a book of Maledictions

   Spells                             Type                      Level
   a - Corona                         Hexes                        1
   b - Ensorcelled Hibernation        Hexes/Ice                    2
   c - Confuse                        Hexes                        3
   d - Tukima's Dance                 Hexes                        3
   e - Dazzling Spray                 Conjuration/Hexes            3


   Skills:
 - Level 1.1 Fighting
 + Level 2.0 Short Blades
 - Level 2.1 Dodging
 - Level 5.6 Stealth
 - Level 2.0 Spellcasting
 * Level 7.0 Hexes
 - Level 1.3 Ice Magic
 + Level 0.1 Evocations


You had 2 spell levels left.
You knew the following spells:

 Your Spells              Type           Power        Failure   Level  Hunger
a - Corona                Hex            ####...      1%          1    #......
c - Confuse               Hex            ####....     6%          3    ###....
d - Ensorcelled Hibernat  Hex/Ice        ###...       10%         2    ###....


Dungeon Overview and Level Annotations

Branches:
Dungeon (4/15)
 Temple: D:4-7

Altars:


Innate Abilities, Weirdness & Mutations

You do not heal naturally.
You are immune to poison.
You have razor-sharp teeth.
You have supernaturally acute eyesight.
You can survive without breathing.
You are agile. (Dex +2)
Your flesh is heat resistant.
Space occasionally distorts in your vicinity.


Message History

Read which item? (? for menu, Esc to quit)
Okay, then.
Unknown command.
Drink which item? (? for menu, Esc to quit)
It was a potion of magic.
Magic courses through your body. The orc hits you but does no damage.
Drink which item? (? for menu, Esc to quit)
It was a potion of mutation.
You feel extremely strange.
You feel agile.
You feel weirdly uncertain.
You feel resistant to heat. The orc hits you but does no damage.
Unknown command.
Casting: Ensorcelled Hibernation
Confirm with . or Enter, or press ? or * to list all spells.
Aiming: Ensorcelled Hibernation
Press: ? - help, Shift-Dir - straight line, f/p - orc priest
Aim: an orc priest (chance 47%)
The orc looks drowsy...
The orc priest invokes the aid of Beogh against you.
Something smites you!
You die...

...#.....##.....#
#.#.....##.....#
#.....>.##.^...+
##......##.....#
#############.........)...#
.............o..............
#############.#o###.##.##.#.
######(..# #.# .# #
#...@oo..# #.# .# #...o....#
#.# .. #........# #.. ..
##........# ### ...
...........# . ########.#.#
#.#.# #.#.. #########.#..#


You could see an orc priest and 3 orcs.

Vanquished Creatures
  An orc wizard (D:3)
  A worker ant zombie (D:3)
  5 adders
  6 giant geckos
  6 orcs
  A bat skeleton (D:3)
  4 giant cockroaches
  9 hobgoblins
  17 jackals
  A quokka (D:2)
  A ball python (D:1)
  7 bats
  3 giant newts
  12 goblins
  5 kobolds
  A quokka skeleton (D:3)
  10 rats
90 creatures vanquished.

Notes
Turn   | Place    | Note
--------------------------------------------------------------
     0 | D:1      | PolkaDot, the Vampire Enchanter, began the quest for the Orb.
     0 | D:1      | Reached XP level 1. HP: 13/13 MP: 3/3
   346 | D:1      | Reached XP level 2. HP: 19/19 MP: 5/5
   364 | D:1      | Reached skill level 5 in Hexes
  1099 | D:1      | Learned a level 2 spell: Ensorcelled Hibernation
  1372 | D:1      | Reached skill level 5 in Stealth
  1480 | D:1      | Reached XP level 3. HP: 22/24 MP: 1/6
  1968 | D:1      | Learned a level 3 spell: Confuse
  2338 | D:2      | Reached skill level 1 in Ice Magic
  2457 | D:2      | Reached skill level 6 in Hexes
  2745 | D:2      | Reached XP level 4. HP: 30/30 MP: 7/7
  4407 | D:3      | Reached skill level 1 in Fighting
  4407 | D:3      | Reached XP level 5. HP: 28/37 MP: 5/8
  4719 | D:4      | Reached skill level 7 in Hexes
  4736 | D:4      | Gained mutation: You are agile. (Dex +2) [potion of mutation]
  4736 | D:4      | Gained mutation: Space occasionally distorts in your vicinity. [potion of mutation]
  4736 | D:4      | Gained mutation: Your flesh is heat resistant. [potion of mutation]
  4737 | D:4      | Killed from afar by an orc priest

Action                   |  1- 3 |  4- 6 || total
-------------------------+-------+-------++-------
Melee: Dagger            |   124 |   129 ||   253
 Cast: Ensorcelled Hiber |    21 |    20 ||    41
       Corona            |     2 |       ||     2
  Use: Potion            |       |     2 ||     2
 Stab: Sleeping          |    25 |    22 ||    47
